Devils vs Flames

Created - 18 janvier 2018 at 18:24

Goals
1 2 3 T
Devils 0 1 0 1
Flames 0 1 2 3
Shots
1 2 3 T
Devils 13 10 14 37
Flames 11 9 23 43

1st period

No Goal

Penalties :
No Penalty

2nd period

1. Flames , Tanner Kero 3 (Dennis Rasmussen 3, Brandon Manning 8) at 6:13
2. Devils , Nazem Kadri 7 (Tanner Pearson 10, Shea Weber 16) at 19:09

Penalties :
Brandon Manning (CAL) for Hooking (Minor) at 3:39, Dominic Moore (NJD) for Holding (Minor) at 7:22

3rd period

3. Flames , Nick Bjugstad 1 (Tanner Kero 4, Victor Hedman 12) at 7:32
4. Flames , Patrick Sharp 11 (David Perron 21, Brandon Manning 9) at 17:33

Penalties :
No Penalty

Goalie Stats

Scott Darling (NJD), 40 saves from 43 shots - (0,930), L, 14-11-6, 60:00 minutes
Carey Price (CAL), 36 saves from 37 shots - (0,973), W, 24-3-4, 60:00 minutes

Players Stats for Devils

Player Name              G  A  P  +/- PIM S  H  SB GA TA FO     MP     PP MP  PK MP  
------------------------------------------------------------------------------------
Alexander Debrincat      0  0  0  -1  0   1  0  0  0  0  0/1    16:53   0:00   0:58 
Alexander Edler          0  0  0  -2  0   0  1  4  0  2  0/0    17:02   1:08   0:00 
Alexander Kerfoot        0  0  0   0  0   0  2  0  0  2  1/1    17:11   1:03   0:41 
Andrew Cogliano          0  0  0  -1  0   0  1  0  1  0  0/0    10:01   0:00   0:57 
Ben Lovejoy              0  0  0  -1  0   3  0  1  0  1  0/0    21:17   0:00   1:19 
Brayden Point            0  0  0   0  0   3  2  0  1  0  6/12   17:03   0:56   0:31 
Conor Sheary             0  0  0  -1  0   2  1  0  0  0  1/1    10:21   0:00   0:51 
Danton Heinen            0  0  0   0  0   1  3  0  0  0  1/1    16:32   0:56   0:00 
Dmitry Kulikov           0  0  0   1  0   2  3  2  1  2  0/0    20:50   0:00   0:40 
Dominic Moore            0  0  0  -1  2   1  0  0  0  0  3/5     9:29   0:00   0:00 
Matt Hunwick             0  0  0  -1  0   1  1  4  0  0  0/0    19:14   0:51   0:40 
Nazem Kadri              1  0  1  -1  0   4  2  0  0  2  12/19  15:29   0:00   0:00 
Nick Holden              0  0  0  -2  0   0  1  0  0  2  0/0    18:10   1:08   1:19 
Shea Weber               0  1  1   1  0   2  1  1  2  1  0/0    23:27   0:51   0:00 
Steven Stamkos           0  0  0   0  0   7  1  0  0  0  10/23  16:30   1:03   0:00 
T.J. Oshie               0  0  0   0  0   3  1  0  1  0  0/0    16:32   0:56   0:00 
Tanner Pearson           0  1  1  -1  0   3  0  0  0  0  0/1    15:29   0:00   0:00 
Tyler Johnson            0  0  0   0  0   4  1  0  0  1  0/0    16:30   1:03   0:00 

Players Stats for Flames

Player Name              G  A  P  +/- PIM S  H  SB GA TA FO     MP     PP MP  PK MP  
------------------------------------------------------------------------------------
Anders Lee               0  0  0  -1  0   2  0  1  2  1  0/2    18:35   1:09   0:12 
Andrej Sustr             0  0  0   2  0   2  1  0  1  1  0/0    19:23   0:49   1:08 
Brad Richardson          0  0  0   1  0   1  1  0  0  0  10/16  16:12   0:00   1:02 
Brandon Manning          0  2  2   2  2   1  1  1  0  0  0/0    16:22   0:00   0:00 
David Perron             0  1  1   1  0   7  1  1  0  0  0/0    16:48   0:50   0:48 
David Savard             0  0  0   0  0   2  1  2  0  1  0/0    23:27   0:49   1:08 
Dennis Rasmussen         0  1  1   2  0   0  0  0  0  0  0/0     6:56   0:00   0:28 
Drew Doughty             0  0  0  -1  0   4  1  3  0  0  0/0    24:50   1:10   0:51 
Jeff Carter              0  0  0  -1  0   2  1  1  3  0  12/24  18:23   1:09   0:00 
Kevan Miller             0  0  0   1  0   0  2  4  0  0  0/0    16:14   0:00   0:51 
Michael Frolik           0  0  0   0  0   5  1  0  2  0  1/2    18:10   0:00   1:00 
Nick Bjugstad            1  0  1   1  0   3  0  1  0  0  1/1     5:53   0:00   0:00 
Patrick Eaves            0  0  0   0  0   3  2  0  0  0  0/0    18:00   0:50   0:00 
Patrick Sharp            1  0  1   1  0   5  1  0  3  1  0/0    15:10   0:00   0:00 
Sam Reinhart             0  0  0  -1  0   2  2  3  0  0  0/1    18:23   1:09   0:00 
Tanner Kero              1  1  2   2  0   1  0  0  0  0  0/1     6:56   0:00   0:28 
Victor Hedman            0  1  1   1  0   2  1  0  0  1  0/0    20:18   1:10   0:00 
Victor Rask              0  0  0   0  0   1  1  0  2  1  6/17   18:00   0:50   0:00 

3 Stars

1 - Carey Price (CAL)
2 - Tanner Kero (CAL)
3 - Patrick Sharp (CAL)

Power Play

Devils - 0 on 1 Attempt(s) - 0,00%
Flames - 0 on 1 Attempt(s) - 0,00%

Penalty Kill

Devils - 1 on 1 Attempt(s) - 100,00% - Score 0 goal in Penalty Kill
Flames - 1 on 1 Attempt(s) - 100,00% - Score 0 goal in Penalty Kill

Team Stat

Devils - Hits : 21 - Faceoff Wins : 34 - Blocked Shots : 12 - Penalty Minutes : 2
Flames - Hits : 17 - Faceoff Wins : 30 - Blocked Shots : 17 - Penalty Minutes : 2

Official

Referees : Graham Skiliter and Chris Lee
Linesman : Brian Mach and Scott Driscoll

Game Notes

No Game Note

Finance

Level 1 -- Attendance: 4731 (78,85%) -- Ticket Income 473 100 $
Level 2 -- Attendance: 4872 (97,44%) -- Ticket Income 292 320 $
Level 3 -- Attendance: 2000 (100,00%) -- Ticket Income 70 000 $
Level 4 -- Attendance: 4000 (100,00%) -- Ticket Income 80 000 $
Luxury Box -- Attendance: 778 (77,80%) -- Ticket Income 155 600 $
Game was played at the Ghost Rider Center.
Total Attendance: 16381 (91,01%)
Total Ticket Income: 1 071 020 $
Other Income: 524 800 $
Total Income: 1 595 820 $

Devils

5 vs 5 Forward 
   Center                   Left Wing                Right Wing               Time % Phy DF OF 
 1 Steven Stamkos           Alexander Kerfoot        Tyler Johnson            31     0   2  3  
 2 Brayden Point            Danton Heinen            T.J. Oshie               31     0   2  3  
 3 Nazem Kadri              Alexander Debrincat      Tanner Pearson           28     0   2  3  
 4 Dominic Moore            Andrew Cogliano          Conor Sheary             10     1   2  2  

5 vs 5 Defense 
   Defense                  Defense                                           Time % Phy DF OF 
 1 Shea Weber               Dmitry Kulikov                                    37     1   2  2  
 2 Matt Hunwick             Ben Lovejoy                                       34     1   2  2  
 3 Nick Holden              Alexander Edler                                   25     1   2  2  
 4 Shea Weber               Ben Lovejoy                                       4      1   2  2  

PowerPlay Forward 
   Center                   Left Wing                Right Wing               Time % Phy DF OF 
 1 Steven Stamkos           Alexander Kerfoot        Tyler Johnson            50     0   0  5  
 2 Brayden Point            Danton Heinen            T.J. Oshie               50     0   0  5  

PowerPlay Defense
   Defense                  Defense                                           Time % Phy DF OF 
 1 Shea Weber               Matt Hunwick                                      50     1   2  2  
 2 Nick Holden              Alexander Edler                                   50     1   2  2  

Penalty Kill 4 Players Forward 
   Center                   Wing                     Time % Phy DF OF 
 1 Andrew Cogliano          Dominic Moore            60     1   4  0  
 2 Tyler Johnson            Tanner Pearson           40     1   4  0  

Penalty Kill 4 Players Defense
   Defense                  Defense                  Time % Phy DF OF 
 1 Matt Hunwick             Dmitry Kulikov           50     1   4  0  
 2 Nick Holden              Ben Lovejoy              50     1   2  2  

Penalty Kill - 3 Players Forward 
   Forward                                           Time % Phy DF OF 
 1 Andrew Cogliano                                   66     1   2  2  
 2 Tyler Johnson                                     34     1   2  2  

Penalty Kill - 3 Players Defense
   Defense                  Defense                  Time % Phy DF OF 
 1 Shea Weber               Alexander Edler          60     1   2  2  
 2 Nick Holden              Ben Lovejoy              40     1   2  2  

4 vs 4 Forward 
   Center                   Wing                     Time % Phy DF OF 
 1 Steven Stamkos           Nazem Kadri              50     1   2  2  
 2 Danton Heinen            T.J. Oshie               50     1   2  2  

4 vs 4 Defense
   Defense                  Defense                  Time % Phy DF OF 
 1 Shea Weber               Matt Hunwick             50     1   2  2  
 2 Nick Holden              Alexander Edler          50     1   2  2  

Last Minutes Offensive
   Center                   Left Wing                Right Wing               Defense                  Defense                  
   Steven Stamkos           T.J. Oshie               Nazem Kadri              Shea Weber               Alexander Edler          

Last Minutes Defensive
   Center                   Left Wing                Right Wing               Defense                  Defense                  
   Steven Stamkos           T.J. Oshie               Nazem Kadri              Shea Weber               Alexander Edler          

Goaltenders
Starting : Scott Darling            
Backup : Steve Mason              

Extra Forwards
Normal : Danton Heinen, Brayden Point, Conor Sheary - PP : Danton Heinen, Brayden Point - PK : Conor Sheary
Extra Defensemen
Normal : Matt Hunwick, Dmitry Kulikov, Nick Holden - PP : Matt Hunwick - PK : Dmitry Kulikov, Nick Holden
Penalty Shots
T.J. Oshie, Brayden Point, Danton Heinen, Alexander Kerfoot, Alexander Debrincat
Custom OT Lines Forwards
Steven Stamkos, T.J. Oshie, Nazem Kadri, Tyler Johnson, Tanner Pearson, Andrew Cogliano, Danton Heinen, Brayden Point, Conor Sheary, Alexander Kerfoot
Custom OT Lines Defensemen
Shea Weber, Alexander Edler, Nick Holden, Ben Lovejoy, Matt Hunwick

Scratches
Linden Vey (Healthy), Michal Neuvirth (Healthy)

Flames

5 vs 5 Forward 
   Center                   Left Wing                Right Wing               Time % Phy DF OF 
 1 Jeff Carter              Anders Lee               Sam Reinhart             35     0   1  4  
 2 Victor Rask              Michael Frolik           Patrick Eaves            31     0   2  3  
 3 Brad Richardson          David Perron             Patrick Sharp            27     0   2  3  
 4 Tanner Kero              Dennis Rasmussen         Nick Bjugstad            7      1   3  1  

5 vs 5 Defense 
   Defense                  Defense                                           Time % Phy DF OF 
 1 Drew Doughty             David Savard                                      38     0   3  2  
 2 Victor Hedman            Andrej Sustr                                      30     0   3  2  
 3 Kevan Miller             Brandon Manning                                   27     0   4  1  
 4 Drew Doughty             Victor Hedman                                     5      0   2  3  

PowerPlay Forward 
   Center                   Left Wing                Right Wing               Time % Phy DF OF 
 1 Jeff Carter              Anders Lee               Sam Reinhart             60     0   0  5  
 2 Victor Rask              David Perron             Patrick Eaves            40     0   0  5  

PowerPlay Defense
   Defense                  Defense                                           Time % Phy DF OF 
 1 Victor Hedman            Drew Doughty                                      65     0   1  4  
 2 Andrej Sustr             David Savard                                      35     0   1  4  

Penalty Kill 4 Players Forward 
   Center                   Wing                     Time % Phy DF OF 
 1 Brad Richardson          Michael Frolik           60     0   4  1  
 2 Tanner Kero              Dennis Rasmussen         40     0   4  1  

Penalty Kill 4 Players Defense
   Defense                  Defense                  Time % Phy DF OF 
 1 David Savard             Andrej Sustr             60     1   4  0  
 2 Kevan Miller             Drew Doughty             40     1   4  0  

Penalty Kill - 3 Players Forward 
   Forward                                           Time % Phy DF OF 
 1 Brad Richardson                                   60     0   5  0  
 2 Michael Frolik                                    40     0   5  0  

Penalty Kill - 3 Players Defense
   Defense                  Defense                  Time % Phy DF OF 
 1 Andrej Sustr             David Savard             60     0   5  0  
 2 Drew Doughty             Kevan Miller             40     0   5  0  

4 vs 4 Forward 
   Center                   Wing                     Time % Phy DF OF 
 1 Jeff Carter              Anders Lee               60     0   1  4  
 2 Sam Reinhart             Patrick Eaves            40     0   1  4  

4 vs 4 Defense
   Defense                  Defense                  Time % Phy DF OF 
 1 Drew Doughty             Victor Hedman            60     0   3  2  
 2 Andrej Sustr             David Savard             40     0   3  2  

Last Minutes Offensive
   Center                   Left Wing                Right Wing               Defense                  Defense                  
   Jeff Carter              Anders Lee               Sam Reinhart             Drew Doughty             Victor Hedman            

Last Minutes Defensive
   Center                   Left Wing                Right Wing               Defense                  Defense                  
   Brad Richardson          Tanner Kero              Michael Frolik           Andrej Sustr             David Savard             

Goaltenders
Starting : Carey Price              
Backup : Curtis McElhinney        

Extra Forwards
Normal : Jeff Carter, Sam Reinhart, David Perron - PP : Michael Frolik, Brad Richardson - PK : David Perron
Extra Defensemen
Normal : Drew Doughty, Victor Hedman, David Savard - PP : Andrej Sustr - PK : Brandon Manning, Victor Hedman
Penalty Shots
Nick Bjugstad, Sam Reinhart, David Perron, Patrick Sharp, Jeff Carter
Custom OT Lines Forwards
Jeff Carter, Anders Lee, Sam Reinhart, Michael Frolik, Patrick Eaves, David Perron, Victor Rask, Patrick Sharp, Brad Richardson, Nick Bjugstad
Custom OT Lines Defensemen
Drew Doughty, Victor Hedman, David Savard, Andrej Sustr, Kevan Miller

Scratches
Pavel Zacha (Healthy), Matt Bartkowski (Healthy)

% Time on Ice - Devils

Lines # - Real PCT - Wanted PCT - Time Play
Normal Forward
1 - 28% - 31% - 15:53
2 - 28% - 31% - 15:36
3 - 28% - 28% - 15:29
4 - 16% - 10% - 9:04
Normal Defense
1 - 36% - 37% - 20:10
2 - 32% - 34% - 17:53
3 - 27% - 25% - 15:19
4 - 5% - 4% - 2:40
PP Forward
1 - 53% - 50% - 1:03
2 - 47% - 50% - 0:56
PP Defense
1 - 43% - 50% - 0:51
2 - 57% - 50% - 1:08
PK Forward
1 - 100% - 60% - 1:59
2 - 0% - 40% - 0:00
PK Defense
1 - 34% - 50% - 0:40
2 - 66% - 50% - 1:19
PK3 Forward
1 - 0% - 66%
2 - 0% - 34%
PK3 Defense
1 - 0% - 60%
2 - 0% - 40%
44 Forward
1 - 0% - 50%
2 - 0% - 50%
44 Defense
1 - 0% - 50%
2 - 0% - 50%
Last Minute Offensive  - 0:00
Last Minute Defensive  - 0:00
Total
Forward - 60:00
Defense - 60:00

% Time on Ice - Flames

Lines # - Real PCT - Wanted PCT - Time Play
Normal Forward
1 - 31% - 35% - 17:14
2 - 32% - 31% - 17:45
3 - 27% - 27% - 15:10
4 - 10% - 7% - 5:53
Normal Defense
1 - 38% - 38% - 21:22
2 - 30% - 30% - 16:51
3 - 27% - 27% - 15:23
4 - 4% - 5% - 2:26
PP Forward
1 - 58% - 60% - 1:09
2 - 42% - 40% - 0:50
PP Defense
1 - 59% - 65% - 1:10
2 - 41% - 35% - 0:49
PK Forward
1 - 76% - 60% - 1:31
2 - 24% - 40% - 0:28
PK Defense
1 - 57% - 60% - 1:08
2 - 43% - 40% - 0:51
PK3 Forward
1 - 0% - 60%
2 - 0% - 40%
PK3 Defense
1 - 0% - 60%
2 - 0% - 40%
44 Forward
1 - 0% - 60%
2 - 0% - 40%
44 Defense
1 - 0% - 60%
2 - 0% - 40%
Last Minute Offensive  - 0:00
Last Minute Defensive  - 0:00
Total
Forward - 60:00
Defense - 60:00

Play by Play

1st period


0:01 of 1st period - Jeff Carter wins face-off versus Steven Stamkos in neutral zone.
0:57 of 1st period - Slapshot by Victor Hedman.
0:57 of 1st period - Shot Blocked by Matt Hunwick.
1:09 of 1st period - David Perron is hit by Andrew Cogliano.
2:21 of 1st period - Wrist shot by Tanner Pearson.
2:21 of 1st period - Shot Misses the Net.
3:13 of 1st period - Off-side.
3:14 of 1st period - Brayden Point wins face-off versus Victor Rask in neutral zone.
3:23 of 1st period - Wrist shot by T.J. Oshie.
3:23 of 1st period - Deflect By Brayden Point.
3:23 of 1st period - Stopped by Carey Price without a rebound.
3:24 of 1st period - Nazem Kadri wins face-off versus Victor Rask in Flames zone.
3:25 of 1st period - Wrist shot by Tanner Pearson.
3:25 of 1st period - Stopped by Carey Price without a rebound.
3:26 of 1st period - Nazem Kadri wins face-off versus Victor Rask in Flames zone.
4:01 of 1st period - David Perron is hit by Nazem Kadri and loses puck.
4:11 of 1st period - Icing by Ben Lovejoy.
4:12 of 1st period - Jeff Carter wins face-off versus Nazem Kadri in Devils zone.
4:39 of 1st period - Snap shot by Brayden Point.
4:39 of 1st period - Stopped by Carey Price without a rebound.
4:40 of 1st period - Brad Richardson wins face-off versus Brayden Point in Flames zone.
4:40 of 1st period - Brad Richardson is hit by Brayden Point.
4:46 of 1st period - Kevan Miller is hit by Brayden Point and loses puck.
5:05 of 1st period - Kevan Miller is hit by Alexander Kerfoot and loses puck.
5:10 of 1st period - Backhand shot by Steven Stamkos.
5:10 of 1st period - Stopped by Carey Price with a rebound.
5:12 of 1st period - Slapshot by Nick Holden.
5:12 of 1st period - Deflect By Tyler Johnson.
5:12 of 1st period - Shot Misses the Net.
5:12 of 1st period - Puck is out of play.
5:13 of 1st period - Brayden Point wins face-off versus Victor Rask in Flames zone.
5:16 of 1st period - Slapshot by Brayden Point.
5:16 of 1st period - Stopped by Carey Price without a rebound.
5:17 of 1st period - Brayden Point wins face-off versus Victor Rask in Flames zone.
5:24 of 1st period - Victor Hedman is hit by Danton Heinen and loses puck.
5:52 of 1st period - Snap shot by Michael Frolik.
5:52 of 1st period - Deflect By Alexander Edler.
5:52 of 1st period - Stopped by Scott Darling with a rebound.
5:54 of 1st period - Backhand shot by Victor Hedman.
5:54 of 1st period - Deflect By Alexander Edler.
5:54 of 1st period - Stopped by Scott Darling without a rebound.
5:55 of 1st period - Steven Stamkos wins face-off versus Jeff Carter in Devils zone.
6:00 of 1st period - Wrist shot by Steven Stamkos.
6:00 of 1st period - Stopped by Carey Price with a rebound.
6:02 of 1st period - Wrist shot by Tyler Johnson.
6:02 of 1st period - Shot Blocked by Drew Doughty.
6:04 of 1st period - Backhand shot by Tyler Johnson.
6:04 of 1st period - Stopped by Carey Price with a rebound.
6:10 of 1st period - Wrist shot by Tyler Johnson.
6:10 of 1st period - Shot Blocked by Drew Doughty.
6:25 of 1st period - Drew Doughty is hit by Matt Hunwick and loses puck.
6:44 of 1st period - Wrist shot by Nick Bjugstad.
6:44 of 1st period - Stopped by Scott Darling without a rebound.
6:45 of 1st period - Steven Stamkos wins face-off versus Tanner Kero in Devils zone.
6:54 of 1st period - Snap shot by Steven Stamkos.
6:54 of 1st period - Stopped by Carey Price with a rebound.
7:12 of 1st period - Kevan Miller is hit by T.J. Oshie and loses puck.
8:03 of 1st period - Nick Holden is hit by David Perron and loses puck.
8:48 of 1st period - Snap shot by Anders Lee.
8:48 of 1st period - Shot Misses the Net.
9:04 of 1st period - Snap shot by Michael Frolik.
9:04 of 1st period - Shot Blocked by Shea Weber.
9:06 of 1st period - Slapshot by Andrej Sustr.
9:06 of 1st period - Stopped by Scott Darling without a rebound.
9:07 of 1st period - Victor Rask wins face-off versus Steven Stamkos in Devils zone.
9:08 of 1st period - Snap shot by Michael Frolik.
9:08 of 1st period - Stopped by Scott Darling with a rebound.
9:10 of 1st period - Slapshot by Drew Doughty.
9:10 of 1st period - Deflect By Steven Stamkos.
9:10 of 1st period - Stopped by Scott Darling without a rebound.
9:11 of 1st period - Steven Stamkos wins face-off versus Jeff Carter in Devils zone.
9:18 of 1st period - Slapshot by Steven Stamkos.
9:18 of 1st period - Stopped by Carey Price with a rebound.
9:20 of 1st period - Wrist shot by Steven Stamkos.
9:20 of 1st period - Shot Misses the Net.
9:57 of 1st period - Snap shot by Victor Rask.
9:57 of 1st period - Shot Hit the Post.
10:49 of 1st period - Wrist shot by Nick Bjugstad.
10:49 of 1st period - Shot Blocked by Alexander Edler.
11:11 of 1st period - Snap shot by David Perron.
11:11 of 1st period - Deflect By Brad Richardson.
11:11 of 1st period - Stopped by Scott Darling with a rebound.
12:24 of 1st period - Wrist shot by Nick Bjugstad.
12:24 of 1st period - Shot Misses the Net.
12:39 of 1st period - Off-side.
12:40 of 1st period - Victor Rask wins face-off versus Dominic Moore in neutral zone.
12:47 of 1st period - Wrist shot by Victor Rask.
12:47 of 1st period - Stopped by Scott Darling with a rebound.
13:15 of 1st period - Slapshot by David Perron.
13:15 of 1st period - Shot Misses the Net.
13:23 of 1st period - Wrist shot by Conor Sheary.
13:23 of 1st period - Stopped by Carey Price with a rebound.
13:25 of 1st period - Snap shot by Andrew Cogliano.
13:25 of 1st period - Shot Misses the Net.
13:27 of 1st period - Slapshot by Dmitry Kulikov.
13:27 of 1st period - Deflect By Conor Sheary.
13:27 of 1st period - Stopped by Carey Price without a rebound.
13:28 of 1st period - Steven Stamkos wins face-off versus Jeff Carter in Flames zone.
13:42 of 1st period - Off-side.
13:43 of 1st period - Victor Rask wins face-off versus Nazem Kadri in neutral zone.
13:46 of 1st period - Ben Lovejoy is hit by Patrick Eaves and loses puck.
13:53 of 1st period - Slapshot by Michael Frolik.
13:53 of 1st period - Stopped by Scott Darling with a rebound.
13:55 of 1st period - Snap shot by Michael Frolik.
13:55 of 1st period - Stopped by Scott Darling with a rebound.
13:57 of 1st period - Snap shot by Michael Frolik.
13:57 of 1st period - Shot Misses the Net.
13:59 of 1st period - Snap shot by Michael Frolik.
13:59 of 1st period - Shot Misses the Net.
15:19 of 1st period - Wrist shot by Andrew Cogliano.
15:19 of 1st period - Shot Misses the Net.
15:22 of 1st period - Icing by Victor Hedman.
15:23 of 1st period - Victor Rask wins face-off versus Steven Stamkos in Flames zone.
15:23 of 1st period - Victor Rask is hit by Tyler Johnson.
15:33 of 1st period - Slapshot by Patrick Eaves.
15:33 of 1st period - Shot Misses the Net.
15:53 of 1st period - Victor Hedman is hit by Shea Weber and loses puck.
16:27 of 1st period - Wrist shot by Victor Hedman.
16:27 of 1st period - Shot Blocked by Matt Hunwick.
16:29 of 1st period - Slapshot by Victor Hedman.
16:29 of 1st period - Shot Misses the Net.
16:55 of 1st period - Slapshot by Nazem Kadri.
16:55 of 1st period - Shot Blocked by Kevan Miller.
16:57 of 1st period - Slapshot by Nazem Kadri.
16:57 of 1st period - Stopped by Carey Price with a rebound.
16:59 of 1st period - Slapshot by Ben Lovejoy.
16:59 of 1st period - Stopped by Carey Price without a rebound.
17:00 of 1st period - Brad Richardson wins face-off versus Steven Stamkos in Flames zone.
17:09 of 1st period - Slapshot by Tyler Johnson.
17:09 of 1st period - Shot Blocked by Kevan Miller.
17:25 of 1st period - Shea Weber is hit by Kevan Miller and loses puck.
17:50 of 1st period - Dmitry Kulikov is hit by Sam Reinhart and loses puck.
18:01 of 1st period - Wrist shot by Steven Stamkos.
18:01 of 1st period - Shot Misses the Net.
18:21 of 1st period - Snap shot by David Perron.
18:21 of 1st period - Stopped by Scott Darling with a rebound.
18:23 of 1st period - Snap shot by Victor Hedman.
18:23 of 1st period - Shot Blocked by Alexander Edler.
18:53 of 1st period - Ben Lovejoy is hit by Drew Doughty and loses puck.
19:04 of 1st period - Slapshot by Patrick Eaves.
19:04 of 1st period - Shot Hit the Post.
19:35 of 1st period - Ben Lovejoy is hit by Andrej Sustr and loses puck.
19:56 of 1st period - Nick Holden is hit by Patrick Eaves and loses puck.
Goals for this period are 0 for Devils vs 0 for Flames.
Shots for this period are 13 for Devils vs 11 for Flames.

2nd period


0:01 of 2nd period - Jeff Carter wins face-off versus Brayden Point in neutral zone.
0:16 of 2nd period - Snap shot by T.J. Oshie.
0:16 of 2nd period - Shot Blocked by Sam Reinhart.
0:26 of 2nd period - Alexander Debrincat is hit by Victor Rask and loses puck.
1:09 of 2nd period - Snap shot by Nick Bjugstad.
1:09 of 2nd period - Shot Misses the Net.
1:30 of 2nd period - Backhand shot by T.J. Oshie.
1:30 of 2nd period - Shot Misses the Net.
1:46 of 2nd period - Wrist shot by Alexander Debrincat.
1:46 of 2nd period - Deflect By Nazem Kadri.
1:46 of 2nd period - Shot Blocked by David Savard.
1:46 of 2nd period - Puck is out of play.
1:47 of 2nd period - Nazem Kadri wins face-off versus Michael Frolik in Flames zone.
2:14 of 2nd period - Dmitry Kulikov is hit by Kevan Miller and loses puck.
3:00 of 2nd period - Snap shot by Nick Bjugstad.
3:00 of 2nd period - Stopped by Scott Darling with a rebound.
3:32 of 2nd period - Wrist shot by Anders Lee.
3:32 of 2nd period - Deflect By Sam Reinhart.
3:32 of 2nd period - Stopped by Scott Darling without a rebound.
3:33 of 2nd period - Brayden Point wins face-off versus Anders Lee in Devils zone.
3:39 of 2nd period - Minor Penalty to Brandon Manning for Hooking.
3:40 of 2nd period - Brad Richardson wins face-off versus Steven Stamkos in Flames zone.
3:44 of 2nd period - Snap shot by David Savard.
3:44 of 2nd period - Shot Misses the Net.
5:39 of 2nd period - Penalty to Brandon Manning is over, Brandon Manning is back on ice.
6:07 of 2nd period - Wrist shot by Tanner Kero.
6:07 of 2nd period - Shot Misses the Net.
6:13 of 2nd period - Slapshot by Tanner Kero.
6:13 of 2nd period - Goal by Tanner Kero - Devils : 0 - Flames : 1.
6:14 of 2nd period - Jeff Carter wins face-off versus Brayden Point in neutral zone.
6:19 of 2nd period - Snap shot by Brandon Manning.
6:19 of 2nd period - Stopped by Scott Darling with a rebound.
6:41 of 2nd period - Kevan Miller is hit by Dmitry Kulikov and loses puck.
6:52 of 2nd period - Wrist shot by Tyler Johnson.
6:52 of 2nd period - Shot Blocked by Brandon Manning.
7:14 of 2nd period - Wrist shot by Patrick Eaves.
7:14 of 2nd period - Shot Blocked by Ben Lovejoy.
7:16 of 2nd period - Wrist shot by Patrick Eaves.
7:16 of 2nd period - Stopped by Scott Darling with a rebound.
7:22 of 2nd period - Minor Penalty to Dominic Moore for Holding.
7:23 of 2nd period - Conor Sheary wins face-off versus Jeff Carter in Devils zone.
8:12 of 2nd period - Andrej Sustr is hit by Conor Sheary and loses puck.
9:22 of 2nd period - Penalty to Dominic Moore is over, Dominic Moore is back on ice.
9:31 of 2nd period - Wrist shot by Nick Bjugstad.
9:31 of 2nd period - Shot Misses the Net.
9:39 of 2nd period - Slapshot by Tanner Kero.
9:39 of 2nd period - Shot Misses the Net.
9:41 of 2nd period - Wrist shot by Dennis Rasmussen.
9:41 of 2nd period - Shot Misses the Net.
9:57 of 2nd period - Wrist shot by T.J. Oshie.
9:57 of 2nd period - Shot Blocked by Kevan Miller.
9:59 of 2nd period - Slapshot by Ben Lovejoy.
9:59 of 2nd period - Stopped by Carey Price without a rebound.
10:00 of 2nd period - Victor Rask wins face-off versus Steven Stamkos in Flames zone.
10:13 of 2nd period - Wrist shot by Victor Rask.
10:13 of 2nd period - Shot Misses the Net.
11:23 of 2nd period - Wrist shot by Nazem Kadri.
11:23 of 2nd period - Stopped by Carey Price with a rebound.
11:34 of 2nd period - Icing by Alexander Edler.
11:35 of 2nd period - Brayden Point wins face-off versus Brad Richardson in Devils zone.
12:00 of 2nd period - Alexander Kerfoot is hit by Sam Reinhart and loses puck.
12:28 of 2nd period - Icing by Nazem Kadri.
12:29 of 2nd period - Jeff Carter wins face-off versus Nazem Kadri in Devils zone.
12:32 of 2nd period - Wrist shot by Sam Reinhart.
12:32 of 2nd period - Deflect By Nazem Kadri.
12:32 of 2nd period - Stopped by Scott Darling without a rebound.
12:33 of 2nd period - Jeff Carter wins face-off versus Brayden Point in Devils zone.
14:29 of 2nd period - Slapshot by Nazem Kadri.
14:29 of 2nd period - Stopped by Carey Price without a rebound.
14:30 of 2nd period - Jeff Carter wins face-off versus Steven Stamkos in Flames zone.
14:57 of 2nd period - Alexander Edler is hit by Brad Richardson and loses puck.
15:22 of 2nd period - Wrist shot by Andrew Cogliano.
15:22 of 2nd period - Deflect By Conor Sheary.
15:22 of 2nd period - Shot Misses the Net.
15:22 of 2nd period - Puck is out of play.
15:23 of 2nd period - Dominic Moore wins face-off versus Victor Rask in Flames zone.
16:11 of 2nd period - Snap shot by Danton Heinen.
16:11 of 2nd period - Shot Blocked by David Savard.
16:13 of 2nd period - Snap shot by Ben Lovejoy.
16:13 of 2nd period - Deflect By T.J. Oshie.
16:13 of 2nd period - Shot Misses the Net.
16:13 of 2nd period - Puck is out of play.
16:14 of 2nd period - Brad Richardson wins face-off versus Brayden Point in Flames zone.
16:14 of 2nd period - Brad Richardson is hit by Nick Holden.
16:24 of 2nd period - Slapshot by T.J. Oshie.
16:24 of 2nd period - Stopped by Carey Price with a rebound.
17:00 of 2nd period - Wrist shot by T.J. Oshie.
17:00 of 2nd period - Shot Misses the Net.
17:04 of 2nd period - Snap shot by T.J. Oshie.
17:04 of 2nd period - Stopped by Carey Price with a rebound.
17:06 of 2nd period - Slapshot by Alexander Edler.
17:06 of 2nd period - Shot Blocked by Kevan Miller.
17:08 of 2nd period - Slapshot by Brayden Point.
17:08 of 2nd period - Shot Misses the Net.
17:10 of 2nd period - Snap shot by T.J. Oshie.
17:10 of 2nd period - Stopped by Carey Price without a rebound.
17:11 of 2nd period - Jeff Carter wins face-off versus Steven Stamkos in Flames zone.
17:11 of 2nd period - Sam Reinhart is hit by Dmitry Kulikov.
17:24 of 2nd period - Slapshot by Dmitry Kulikov.
17:24 of 2nd period - Stopped by Carey Price with a rebound.
17:26 of 2nd period - Slapshot by Dmitry Kulikov.
17:26 of 2nd period - Stopped by Carey Price without a rebound.
17:27 of 2nd period - Nazem Kadri wins face-off versus Victor Rask in Flames zone.
17:49 of 2nd period - Icing by Victor Hedman.
17:50 of 2nd period - Steven Stamkos wins face-off versus Victor Rask in Flames zone.
18:24 of 2nd period - Slapshot by Drew Doughty.
18:24 of 2nd period - Stopped by Scott Darling without a rebound.
18:25 of 2nd period - Jeff Carter wins face-off versus Nazem Kadri in Devils zone.
18:32 of 2nd period - Wrist shot by Anders Lee.
18:32 of 2nd period - Stopped by Scott Darling without a rebound.
18:33 of 2nd period - Nazem Kadri wins face-off versus Jeff Carter in Devils zone.
18:33 of 2nd period - Nazem Kadri is hit by David Savard.
18:55 of 2nd period - Snap shot by Anders Lee.
18:55 of 2nd period - Stopped by Scott Darling with a rebound.
19:05 of 2nd period - Slapshot by Shea Weber.
19:05 of 2nd period - Deflect By Drew Doughty.
19:05 of 2nd period - Stopped by Carey Price with a rebound.
19:09 of 2nd period - Snap shot by Nazem Kadri.
19:09 of 2nd period - Goal by Nazem Kadri - Devils : 1 - Flames : 1.
19:10 of 2nd period - Steven Stamkos wins face-off versus Brad Richardson in neutral zone.
Goals for this period are 1 for Devils vs 1 for Flames.
Shots for this period are 10 for Devils vs 9 for Flames.

3rd period


0:01 of 3rd period - Steven Stamkos wins face-off versus Jeff Carter in neutral zone.
0:26 of 3rd period - Ben Lovejoy is hit by Victor Hedman and loses puck.
0:31 of 3rd period - Snap shot by Victor Rask.
0:31 of 3rd period - Shot Misses the Net.
0:33 of 3rd period - Snap shot by Drew Doughty.
0:33 of 3rd period - Shot Blocked by Matt Hunwick.
0:35 of 3rd period - Snap shot by Victor Rask.
0:35 of 3rd period - Shot Misses the Net.
0:49 of 3rd period - Snap shot by Nazem Kadri.
0:49 of 3rd period - Shot Blocked by David Perron.
0:51 of 3rd period - Slapshot by Alexander Debrincat.
0:51 of 3rd period - Stopped by Carey Price without a rebound.
0:52 of 3rd period - Nazem Kadri wins face-off versus Jeff Carter in Flames zone.
0:53 of 3rd period - Wrist shot by Tanner Pearson.
0:53 of 3rd period - Stopped by Carey Price with a rebound.
1:17 of 3rd period - Andrej Sustr is hit by Steven Stamkos and loses puck.
1:28 of 3rd period - Michael Frolik is hit by Alexander Kerfoot.
2:52 of 3rd period - Wrist shot by David Perron.
2:52 of 3rd period - Stopped by Scott Darling with a rebound.
2:54 of 3rd period - Wrist shot by Brad Richardson.
2:54 of 3rd period - Shot Blocked by Matt Hunwick.
2:56 of 3rd period - Slapshot by David Perron.
2:56 of 3rd period - Stopped by Scott Darling with a rebound.
2:58 of 3rd period - Slapshot by David Savard.
2:58 of 3rd period - Stopped by Scott Darling with a rebound.
3:34 of 3rd period - Wrist shot by Andrew Cogliano.
3:34 of 3rd period - Shot Misses the Net.
3:40 of 3rd period - Dominic Moore is hit by Brandon Manning.
3:56 of 3rd period - Snap shot by Michael Frolik.
3:56 of 3rd period - Shot Blocked by Dmitry Kulikov.
3:58 of 3rd period - Slapshot by Brandon Manning.
3:58 of 3rd period - Deflect By Michael Frolik.
3:58 of 3rd period - Shot Misses the Net.
3:58 of 3rd period - Puck is out of play.
3:59 of 3rd period - Steven Stamkos wins face-off versus Brad Richardson in Devils zone.
4:24 of 3rd period - T.J. Oshie is hit by Jeff Carter and loses puck.
4:29 of 3rd period - Slapshot by Jeff Carter.
4:29 of 3rd period - Shot Misses the Net.
4:31 of 3rd period - Wrist shot by Andrej Sustr.
4:31 of 3rd period - Shot Blocked by Dmitry Kulikov.
4:33 of 3rd period - Snap shot by Jeff Carter.
4:33 of 3rd period - Stopped by Scott Darling with a rebound.
4:35 of 3rd period - Wrist shot by Anders Lee.
4:35 of 3rd period - Shot Misses the Net.
4:45 of 3rd period - Backhand shot by Danton Heinen.
4:45 of 3rd period - Deflect By Patrick Eaves.
4:45 of 3rd period - Shot Misses the Net.
4:45 of 3rd period - Puck is out of play.
4:46 of 3rd period - Victor Rask wins face-off versus Nazem Kadri in Flames zone.
4:51 of 3rd period - Tanner Pearson is hit by Michael Frolik.
4:57 of 3rd period - Snap shot by Michael Frolik.
4:57 of 3rd period - Deflect By Patrick Eaves.
4:57 of 3rd period - Shot Misses the Net.
4:57 of 3rd period - Puck is out of play.
4:58 of 3rd period - Jeff Carter wins face-off versus Steven Stamkos in Devils zone.
5:52 of 3rd period - Wrist shot by Tanner Pearson.
5:52 of 3rd period - Stopped by Carey Price without a rebound.
5:53 of 3rd period - Steven Stamkos wins face-off versus Jeff Carter in Flames zone.
5:54 of 3rd period - Slapshot by Tyler Johnson.
5:54 of 3rd period - Stopped by Carey Price with a rebound.
6:06 of 3rd period - Slapshot by Steven Stamkos.
6:06 of 3rd period - Shot Misses the Net.
6:08 of 3rd period - Snap shot by Tyler Johnson.
6:08 of 3rd period - Stopped by Carey Price without a rebound.
6:09 of 3rd period - Danton Heinen wins face-off versus Victor Rask in Flames zone.
7:19 of 3rd period - Off-side.
7:20 of 3rd period - Nick Bjugstad wins face-off versus Dominic Moore in neutral zone.
7:30 of 3rd period - Backhand shot by Tanner Kero.
7:30 of 3rd period - Shot Misses the Net.
7:32 of 3rd period - Wrist shot by Nick Bjugstad.
7:32 of 3rd period - Goal by Nick Bjugstad - Devils : 1 - Flames : 2.
7:33 of 3rd period - Steven Stamkos wins face-off versus Sam Reinhart in neutral zone.
8:05 of 3rd period - Snap shot by Patrick Eaves.
8:05 of 3rd period - Shot Misses the Net.
8:37 of 3rd period - Icing by Victor Hedman.
8:38 of 3rd period - Brad Richardson wins face-off versus Steven Stamkos in Flames zone.
8:54 of 3rd period - Wrist shot by Patrick Sharp.
8:54 of 3rd period - Stopped by Scott Darling with a rebound.
8:56 of 3rd period - Backhand shot by Andrej Sustr.
8:56 of 3rd period - Stopped by Scott Darling with a rebound.
8:58 of 3rd period - Wrist shot by Patrick Sharp.
8:58 of 3rd period - Stopped by Scott Darling with a rebound.
9:00 of 3rd period - Slapshot by Andrej Sustr.
9:00 of 3rd period - Shot Blocked by Alexander Edler.
9:02 of 3rd period - Snap shot by Patrick Sharp.
9:02 of 3rd period - Shot Misses the Net.
9:04 of 3rd period - Snap shot by Brad Richardson.
9:04 of 3rd period - Shot Misses the Net.
9:06 of 3rd period - Wrist shot by David Perron.
9:06 of 3rd period - Stopped by Scott Darling without a rebound.
9:07 of 3rd period - Nazem Kadri wins face-off versus Jeff Carter in Devils zone.
9:12 of 3rd period - Slapshot by Jeff Carter.
9:12 of 3rd period - Stopped by Scott Darling without a rebound.
9:13 of 3rd period - Nazem Kadri wins face-off versus Jeff Carter in Devils zone.
9:48 of 3rd period - Wrist shot by Victor Rask.
9:48 of 3rd period - Shot Misses the Net.
10:02 of 3rd period - Wrist shot by Steven Stamkos.
10:02 of 3rd period - Stopped by Carey Price without a rebound.
10:03 of 3rd period - Alexander Kerfoot wins face-off versus Anders Lee in Flames zone.
10:06 of 3rd period - Slapshot by Steven Stamkos.
10:06 of 3rd period - Stopped by Carey Price without a rebound.
10:07 of 3rd period - Jeff Carter wins face-off versus Steven Stamkos in Flames zone.
10:07 of 3rd period - Jeff Carter is hit by Dmitry Kulikov.
10:33 of 3rd period - Wrist shot by Patrick Eaves.
10:33 of 3rd period - Stopped by Scott Darling with a rebound.
10:44 of 3rd period - Brandon Manning is hit by Danton Heinen and loses puck.
11:25 of 3rd period - Snap shot by Steven Stamkos.
11:25 of 3rd period - Deflect By Drew Doughty.
11:25 of 3rd period - Shot Blocked by Drew Doughty.
11:25 of 3rd period - Puck is out of play.
11:26 of 3rd period - Jeff Carter wins face-off versus Steven Stamkos in Flames zone.
11:59 of 3rd period - Backhand shot by Tyler Johnson.
11:59 of 3rd period - Shot Misses the Net.
12:01 of 3rd period - Wrist shot by Tyler Johnson.
12:01 of 3rd period - Deflect By Michael Frolik.
12:01 of 3rd period - Stopped by Carey Price with a rebound.
12:03 of 3rd period - Wrist shot by Shea Weber.
12:03 of 3rd period - Stopped by Carey Price with a rebound.
12:05 of 3rd period - Slapshot by Dmitry Kulikov.
12:05 of 3rd period - Deflect By Steven Stamkos.
12:05 of 3rd period - Stopped by Carey Price without a rebound.
12:06 of 3rd period - Nazem Kadri wins face-off versus Jeff Carter in Flames zone.
12:13 of 3rd period - Snap shot by Alexander Debrincat.
12:13 of 3rd period - Shot Blocked by Sam Reinhart.
12:15 of 3rd period - Slapshot by Ben Lovejoy.
12:15 of 3rd period - Shot Blocked by Sam Reinhart.
12:17 of 3rd period - Slapshot by Ben Lovejoy.
12:17 of 3rd period - Stopped by Carey Price with a rebound.
12:36 of 3rd period - Patrick Eaves is hit by Danton Heinen and loses puck.
13:15 of 3rd period - Snap shot by Tanner Pearson.
13:15 of 3rd period - Shot Blocked by Nick Bjugstad.
13:56 of 3rd period - Off-side.
13:57 of 3rd period - Dominic Moore wins face-off versus Victor Rask in neutral zone.
14:00 of 3rd period - Patrick Eaves is hit by Alexander Edler and loses puck.
14:35 of 3rd period - Snap shot by Conor Sheary.
14:35 of 3rd period - Shot Misses the Net.
14:37 of 3rd period - Wrist shot by Dominic Moore.
14:37 of 3rd period - Stopped by Carey Price without a rebound.
14:38 of 3rd period - Brayden Point wins face-off versus Jeff Carter in Flames zone.
14:41 of 3rd period - Wrist shot by Danton Heinen.
14:41 of 3rd period - Shot Blocked by Jeff Carter.
14:52 of 3rd period - Slapshot by Matt Hunwick.
14:52 of 3rd period - Stopped by Carey Price with a rebound.
14:54 of 3rd period - Snap shot by Matt Hunwick.
14:54 of 3rd period - Deflect By Brayden Point.
14:54 of 3rd period - Shot Blocked by Anders Lee.
14:54 of 3rd period - Puck is out of play.
14:55 of 3rd period - Brad Richardson wins face-off versus Tanner Pearson in Flames zone.
14:55 of 3rd period - Brad Richardson is hit by Nazem Kadri.
15:09 of 3rd period - Wrist shot by David Perron.
15:09 of 3rd period - Shot Misses the Net.
15:11 of 3rd period - Wrist shot by Drew Doughty.
15:11 of 3rd period - Stopped by Scott Darling with a rebound.
15:57 of 3rd period - Icing by Victor Hedman.
15:58 of 3rd period - Dominic Moore wins face-off versus Victor Rask in Flames zone.
16:25 of 3rd period - Icing by Tyler Johnson.
16:26 of 3rd period - Brad Richardson wins face-off versus Steven Stamkos in Devils zone.
16:29 of 3rd period - Snap shot by David Perron.
16:29 of 3rd period - Stopped by Scott Darling with a rebound.
16:31 of 3rd period - Slapshot by David Perron.
16:31 of 3rd period - Shot Misses the Net.
17:19 of 3rd period - Snap shot by Michael Frolik.
17:19 of 3rd period - Stopped by Scott Darling without a rebound.
17:20 of 3rd period - Nazem Kadri wins face-off versus Brad Richardson in Devils zone.
17:29 of 3rd period - Wrist shot by David Perron.
17:29 of 3rd period - Shot Blocked by Alexander Edler.
17:31 of 3rd period - Wrist shot by Patrick Sharp.
17:31 of 3rd period - Stopped by Scott Darling with a rebound.
17:33 of 3rd period - Snap shot by Patrick Sharp.
17:33 of 3rd period - Goal by Patrick Sharp - Devils : 1 - Flames : 3.
17:34 of 3rd period - Brad Richardson wins face-off versus Nazem Kadri in neutral zone.
17:37 of 3rd period - Slapshot by Drew Doughty.
17:37 of 3rd period - Stopped by Scott Darling without a rebound.
17:38 of 3rd period - Brad Richardson wins face-off versus Alexander Debrincat in Devils zone.
17:41 of 3rd period - Wrist shot by Patrick Sharp.
17:41 of 3rd period - Stopped by Scott Darling with a rebound.
17:43 of 3rd period - Slapshot by David Savard.
17:43 of 3rd period - Stopped by Scott Darling with a rebound.
17:47 of 3rd period - Snap shot by David Perron.
17:47 of 3rd period - Stopped by Scott Darling with a rebound.
17:49 of 3rd period - Wrist shot by Patrick Sharp.
17:49 of 3rd period - Shot Misses the Net.
17:51 of 3rd period - Wrist shot by David Perron.
17:51 of 3rd period - Stopped by Scott Darling without a rebound.
17:52 of 3rd period - Nazem Kadri wins face-off versus Brad Richardson in Devils zone.
17:57 of 3rd period - Slapshot by Victor Hedman.
17:57 of 3rd period - Stopped by Scott Darling without a rebound.
17:58 of 3rd period - Brad Richardson wins face-off versus Nazem Kadri in Devils zone.
18:44 of 3rd period - Off-side.
18:45 of 3rd period - Michael Frolik wins face-off versus Brayden Point in neutral zone.
18:55 of 3rd period - Slapshot by Matt Hunwick.
18:55 of 3rd period - Deflect By Danton Heinen.
18:55 of 3rd period - Stopped by Carey Price with a rebound.
19:03 of 3rd period - Snap shot by Patrick Eaves.
19:03 of 3rd period - Stopped by Scott Darling without a rebound.
19:04 of 3rd period - Nazem Kadri wins face-off versus Brad Richardson in Devils zone.
19:04 of 3rd period - Nazem Kadri is hit by Patrick Sharp.
19:50 of 3rd period - Slapshot by Nazem Kadri.
19:50 of 3rd period - Shot Misses the Net.
Goals for this period are 0 for Devils vs 2 for Flames.
Shots for this period are 14 for Devils vs 23 for Flames.